Map: Dusk Towers

Players

DeMusliM

  • Race: Terran Terran
  • League: Grandmaster

Lambo - Winner!

  • Race: Zerg Zerg
  • League: Grandmaster

Event: Homestory Cup XII

VOD

Have the link to the VOD?

Description

Time

  • Played on: Dec. 17, 2015, 3:29 p.m.
  • Length: 9:53

All games in this series

Show
View Real Time Build Order
Export as new Build Order

DeMusliM Terran 

Build Orders: MMM Bio 

Get SALT Encoding   

  12  0:00  SCV  
  13  0:12  SCV  
  14  0:17  Supply Depot  
  14  0:26  Refinery  
  14  0:27  SCV  
  15  0:39  SCV  
  16  0:44  Barracks  
  16  0:51  SCV  
  17  1:05  Barracks  
  17  1:06  SCV  
  18  1:19  Barracks  
  18  1:31  Reaper  
  19  1:36  Orbital Command  
  19  1:48  Refinery  
  19  1:52  Reaper  
  20  1:55  Supply Depot  
  20  2:02  SCV  
  20  2:03  Reaper  
  22  2:16  Reaper  
  22  2:17  SCV  
  24  2:24  Reaper  
  24  2:27  Supply Depot  
  24  2:29  SCV  
  26  2:36  Reaper  
  27  2:42  SCV  
  28  2:48  Reaper  
  29  2:54  SCV  
  29  2:56  Reaper  
  31  3:09  Reaper  
  31  3:10  SCV  
  31  3:12  Command Center  
  33  3:22  SCV, Reaper  
  34  3:44  Reaper  
  34  3:45  Reaper  
  36  3:50  Command Center  
  36  3:52  SCV  
  37  3:58  Barracks Tech Lab  
  37  4:23  SCV  
  38  4:27  Barracks Reactor, Barracks Tech Lab  
  38  4:28  Stimpack  
  37  4:33  Barracks  
  37  4:34  Barracks  
  37  4:35  Engineering Bay  
  34  4:45  SCV  
  34  4:47  Marine  
  34  4:48  Combat Shields, Marine  
  38  4:53  Engineering Bay, Orbital Command  
  36  5:08  Marine x2  
  36  5:13  SCV  
  39  5:15  Orbital Command  
  39  5:20  Terran Infantry Weapons Level 1  
  39  5:22  Terran Infantry Armor Level 1  
  39  5:26  SCV x2  
  41  5:31  Marine  
  42  5:38  SCV x2  
  42  5:41  Marine  
  42  5:42  Marine  
  46  5:44  SCV  
  47  5:50  SCV x2  
  47  5:51  Factory  
  47  5:56  SCV, Marine x2  
  52  6:02  SCV, Marine x2  
  52  6:03  SCV  
  56  6:07  Orbital Command  
  56  6:11  Refinery x2  
  56  6:13  Concussive Shells, Marine  
  56  6:14  SCV, Marauder, Marine  
  56  6:17  Marine  
  62  6:20  SCV  
  62  6:24  Barracks Reactor  
  62  6:25  Marine  
  64  6:26  Supply Depot, SCV  
  64  6:29  Supply Depot  
  64  6:32  SCV  
  66  6:35  Factory Reactor, Starport  
  66  6:38  SCV  
  66  6:39  Armory  
  68  6:40  SCV  
  68  6:44  SCV  
  69  6:47  Barracks Reactor, Marine x3  
  69  6:50  Supply Depot, SCV  
  69  6:51  Marine  
  69  6:52  SCV  
  75  6:56  SCV  
  76  7:02  SCV, Marine  
  76  7:03  Marine  
  76  7:04  SCV  
  80  7:08  SCV  
  81  7:22  Barracks  
  80  7:27  Medivac x2  
  80  7:28  Marauder, Marine x3  
  80  7:29  Terran Infantry Weapons Level 2, Marauder  
  85  7:30  SCV  
  85  7:31  SCV  
  85  7:34  SCV  
  85  7:36  Marine  
  89  7:39  Supply Depot  
  89  7:40  Supply Depot x2  
  89  7:41  Supply Depot  
  89  7:43  SCV  
  90  7:48  SCV x2  
  92  7:54  Supply Depot, Marine  
  93  8:01  SCV, Marauder x2, Medivac  
  93  8:02  Medivac  
  93  8:03  SCV x2  
  104  8:07  Supply Depot  
  104  8:12  Refinery  
  104  8:13  SCV  
  104  8:15  SCV x2  
  104  8:16  Marine x3  
  104  8:17  Supply Depot, Barracks Reactor  
  104  8:18  Marine x2  
  112  8:24  Barracks  
  112  8:25  SCV  
  112  8:26  Marauder, Marine x2  
  117  8:27  SCV  
  117  8:33  Marine  
  118  8:35  Marine x2  
  119  8:44  Marauder  
  119  8:45  Marine x3  
  119  8:47  Medivac  
  119  8:48  Marauder, Medivac  
  126  8:52  Supply Depot  
  126  8:53  Supply Depot, Marine x4  
  126  8:54  Marine  
  131  9:01  Barracks  
  131  9:03  Marine  
  131  9:06  Marauder  
  131  9:09  Marauder  
  125  9:15  Marine x3  
  105  9:19  SCV x3  
  86  9:25  Marine x2  
  86  9:26  Marine  
  86  9:27  Marauder  
  86  9:30  Marauder  
  86  9:31  Marine  
Show
View Real Time Build Order
Export as new Build Order

Lambo Zerg - Winner!

Build Orders: Hatch First 

Get SALT Encoding   

  12  0:00  Drone  
  13  0:13  Overlord  
  13  0:18  Drone  
  14  0:31  Drone x2  
  16  0:36  Drone  
  17  0:52  Hatchery  
  17  0:55  Drone  
  17  1:07  Spawning Pool  
  17  1:09  Extractor  
  15  1:12  Drone  
  15  1:16  Drone  
  17  1:19  Drone  
  18  1:28  Drone  
  19  1:43  Overlord  
  19  1:54  Queen  
  19  1:55  Zergling x2  
  19  2:01  Zergling x2  
  23  2:04  Drone, Queen  
  26  2:09  Metabolic Boost  
  26  2:11  Drone  
  27  2:16  Drone  
  28  2:26  Drone  
  28  2:29  Drone, Queen  
  30  2:33  Drone  
  33  2:40  Queen  
  33  2:41  Drone  
  36  2:46  Overlord  
  36  2:59  Overlord  
  36  3:11  Queen  
  38  3:15  Drone x2  
  38  3:16  Overlord  
  40  3:20  Zergling x6  
  40  3:21  Zergling x4  
  40  3:23  Overlord  
  40  3:26  Overlord  
  45  3:34  Zergling x4  
  47  3:40  Zergling x6  
  47  3:56  Zergling x4  
  47  3:57  Zergling x10  
  53  4:05  Queen  
  53  4:17  Drone x2  
  53  4:23  Drone x3  
  55  4:25  Overlord  
  55  4:29  Zergling x6  
  57  4:41  Zergling x6  
  57  4:45  Hatchery  
  49  4:46  Zergling x2  
  49  4:53  Extractor  
  49  4:54  Extractor  
  49  4:55  Extractor  
  49  4:58  Drone x5  
  49  5:09  Drone x2  
  49  5:14  Drone  
  52  5:18  Drone  
  53  5:22  Drone x3  
  56  5:28  Drone x4  
  56  5:33  Lair  
  56  5:34  Evolution Chamber x2  
  58  5:38  Hatchery  
  58  5:39  Drone x2  
  59  5:52  Zergling x10  
  59  5:56  Drone x3  
  66  6:01  Zerg Missile Weapons Level 1  
  66  6:03  Roach Warren  
  66  6:04  Zerg Ground Armor Level 1  
  67  6:05  Drone  
  67  6:09  Drone x2  
  70  6:16  Drone x2  
  70  6:17  Drone  
  73  6:24  Drone x2  
  73  6:27  Extractor  
  73  6:28  Extractor  
  73  6:31  Overlord  
  71  6:35  Overlord  
  73  6:40  Overlord  
  73  6:42  Overlord  
  73  6:43  Roach  
  73  6:44  Roach x3  
  73  6:45  Glial Reconstitution  
  73  6:46  Overlord  
  81  6:51  Roach x4  
  89  6:59  Roach x6  
  101  7:03  Roach x2  
  105  7:08  Roach  
  105  7:09  Roach x2  
  105  7:13  Roach  
  105  7:14  Roach  
  115  7:18  Roach x3  
  115  7:25  Roach x3  
  112  7:31  Roach x4  
  112  7:32  Ravager x2  
  112  7:36  Overlord  
  122  7:47  Roach  
  122  7:48  Roach x2  
  122  7:50  Overseer  
  122  7:51  Overlord x2  
  128  7:55  Overlord  
  130  7:58  Roach x2  
  130  7:59  Roach x2  
  130  8:04  Overlord x2  
  136  8:10  Roach  
  136  8:11  Roach x3  
  145  8:13  Ravager x2  
  145  8:16  Roach x2  
  145  8:18  Ravager  
  145  8:19  Overlord  
  151  8:23  Roach x2  
  155  8:28  Roach x2  
  155  8:29  Overlord  
  155  8:31  Roach  
  161  8:38  Roach x3  
  165  8:44  Roach x3  
  172  8:48  Roach x2  
  172  8:55  Roach x3  
  180  9:03  Roach x2  
  182  9:14  Roach x5  
  160  9:27  Roach x6  
  160  9:28  Roach  
Tags
 
Add a new tag
Caveats
  • Supply blocks, unpowered buildings, or Contaminate may cause inaccurate times.
  • Supply counts are checked every 10 seconds.